 Dungeon Crawl Stone Soup version 0.14-a0-2100-g3cf34dd (webtiles) character file.

1881 Jenx the Jinx (level 8, -2/39 HPs)
             Began as a Spriggan Enchanter on Jan 26, 2014.
             Was an Initiate of Dithmengos.
             Killed from afar by Jenx's ghost (3 damage)
             ... with a magic dart
             ... on Level 3 of the Dungeon.
             The game lasted 00:28:45 (7925 turns).

Jenx the Jinx (Spriggan Enchanter)                  Turns: 7925, Time: 00:28:45

HP  -2/39        AC  3     Str  5      XL: 8   Next: 58%
MP   4/24        EV 18     Int 17      God: Dithmengos [......]
Gold 325         SH  0     Dex 17      Spells:  4 memorised,  5 levels left

rFire  . . .     SeeInvis +     a - +1,+0 orc dagger (freeze)
rCold  + . .     Clarity  .     u - +0 robe {MR+}
rNeg   . . .     Conserve .     (shield restricted)
rPois  .         rCorr    .     (helmet restricted)
rElec  .         rRot     .     B - +0 dwarf cloak
SustAb . .       Spirit   .     (gloves unavailable)
rMut   .         Warding  .     (boots unavailable)
Saprov . . .     Stasis   .     (no amulet)
MR     ++...                    (no ring)
                                z - ring of protection from cold

@: very quick, very resistant to hostile enchantments, quite stealthy
A: unfitting armour, see invisible, herbivore 3, speed 3, slow metabolism 2
a: Renounce Religion


You were on level 3 of the Dungeon.
You worshipped Dithmengos.
Dithmengos was noncommittal.
You were not hungry.

You visited 2 branches of the dungeon, and saw 7 of its levels.

You collected 325 gold pieces.

Inventory:

Hand weapons
 a - a +1,+0 orcish dagger of freezing (weapon)
 b - a +0 blowgun
 O - the +5,+3 dagger of Fortitude {speed, Dex+1 Int+2}
   (You found it on level 5 of the Dungeon)

   Attacks with this weapon are significantly faster, but cause slightly less
   damage.
   It affects your intelligence (+2).
   It affects your dexterity (+1).
Missiles
 M - 13 darts of dispersal (quivered)
 R - 25 poisoned needles
Armour
 u - a +0 robe of magic resistance (worn)
 B - a +0 dwarven cloak (worn)
Comestibles
 f - a royal jelly
 i - 2 apples
 j - 2 chokos
 w - 3 bread rations
 E - a lemon
 K - a pear
Scrolls
 h - 4 scrolls of recharging {unknown}
 k - 2 scrolls of identify
 m - a scroll of curse armour {unknown}
 n - 3 scrolls of random uselessness {unknown}
 o - a scroll of enchant armour {unknown}
 q - 3 scrolls of immolation {unknown}
 t - 6 scrolls of remove curse {unknown}
 v - 2 scrolls of amnesia {unknown}
 x - 2 scrolls of blinking {unknown}
 y - 2 scrolls of teleportation {unknown}
 A - 3 scrolls of fear {unknown}
 C - a scroll of fog {unknown}
 N - 3 scrolls of enchant weapon II {unknown}
 T - a scroll of curse weapon {unknown}
Jewellery
 r - an uncursed amulet of guardian spirit
 z - a ring of protection from cold (left hand)
Potions
 d - 2 potions of agility {unknown}
 e - 2 potions of paralysis {unknown}
 l - 3 potions of brilliance
 s - a potion of curing
 D - a potion of magic
 J - a potion of heal wounds
 L - a potion of speed {unknown}
 Q - a potion of confusion {unknown}
 S - a potion of restore abilities {unknown}
Books
 c - a book of Maledictions

   Spells                             Type                      Level
   *Corona                            Hexes                        1
   Sure Blade                         Hexes/Charms                 2
   *Ensorcelled Hibernation           Hexes/Ice                    2
   *Confuse                           Hexes                        3
   Enslavement                        Hexes                        4
   *Invisibility                      Hexes                        6
Magical staves
 I - an uncursed staff of air


   Skills:
 - Level 2.1 Fighting
 * Level 5.0 Short Blades
 - Level 1.1 Throwing
 - Level 3.0 Dodging
 - Level 4.0 Stealth
 + Level 5.2 Spellcasting
 - Level 10.1 Hexes
 - Level 1.7 Ice Magic


You had 5 spell levels left.
You knew the following spells:

 Your Spells              Type           Power        Failure   Level  Hunger
a - Ensorcelled Hibernat  Hex/Ice        ###...       1%          2    #......
b - Confuse               Hex            #####...     1%          3    ###....
c - Invisibility          Hex            #####...     38%         6    #######
x - Corona                Hex            #####..      1%          1    None


Dungeon Overview and Level Annotations

Branches:
Dungeon (6/16)             Temple (1/1) D:6

Altars:
Ashenzari
Dithmengos
Elyvilon
Fedhas
Kikubaaqudgha
Makhleb
Nemelex Xobeh
Okawaru
Sif Muna
Trog
Vehumet
Xom
Yredelemnul
Zin
The Shining One

Annotations:
D:3 exclusions: player ghost and 1 more exclusion, Jenx's ghost, average DrCj


Innate Abilities, Weirdness & Mutations

You are tiny and cannot use many weapons and most armour.
You have supernaturally acute eyesight.
You are a herbivore.
You cover ground extremely quickly.
You need consume almost no food.


Message History

Confirm with . or Enter, or press ? or * to list all spells.
Aiming: Ensorcelled Hibernation
Press: ? - help, Shift-Dir - straight line, f/p - gnoll
Aim: a gnoll, wielding a spear (bewildered and confused)
The gnoll looks drowsy...
You see here 2 murky white potions.
e - 2 murky white potions
Press: ? - help, v - describe, . - travel A closed door.
Removed exclusion.
You open the door.
There is an open door here.
Jenx's ghost turns its malevolent gaze towards you.
Jenx's ghost casts a spell at you. The magic dart hits you!
* * * LOW HITPOINT WARNING * * *
You close the door.
Jenx's ghost casts a spell at you. The magic dart hits you!
You die...

#......+.#######. #.# #......###
#. #.# #......# #. #.# #......#
#. #.# #####..# ## #.#########
#######.## ##### ..........#
#.......p# #.... ..........#
###........### #....
..(.......####.+@.......'.###....
(.........#....#...)....#...#....
.<.........g####........###......
.....)..$.### #........# ###....
..%...(...# #######'## #....
./........# #..# ##.##
######.#### #.## #.# #..# #.# #.#
#######.#### #.# #.#


You could see Jenx's ghost.

Vanquished Creatures
  Grinder (D:3)
  2 ogres (D:5)
  A sky beast (D:6)
  A centaur (D:6)
  Sigmund (D:2)
  3 giant frogs
  Blork the orc (D:6)
  A crimson imp (D:6)
  A goliath beetle (D:6)
  A giant frog skeleton (D:5)
  2 hounds
  A quasit (D:5)
  3 orc wizards
  3 worker ants
  Jessica (D:2)
  4 adders
  6 gnolls
  A giant mite (D:5)
  2 worms
  2 giant geckos (D:3)
  An ooze (D:1)
  39 orcs
  10 bats
  3 bat skeletons (D:4)
  A bat zombie (D:5)
  18 hobgoblins
  10 jackals
  3 quokkas
  2 giant cockroaches
  4 giant newts
  11 goblins
  A hobgoblin zombie (D:6)
  A jackal zombie (D:6)
  23 kobolds
  12 rats
177 creatures vanquished.

Notes
Turn   | Place    | Note
--------------------------------------------------------------
     0 | D:1      | Jenx, the Spriggan Enchanter, began the quest for the Orb.
     0 | D:1      | Reached XP level 1. HP: 9/9 MP: 4/4
   120 | D:1      | Reached skill level 4 in Hexes
   300 | D:1      | Reached XP level 2. HP: 11/13 MP: 7/7
   319 | D:1      | Learned a level 2 spell: Ensorcelled Hibernation
   800 | D:2      | Noticed Jessica
   815 | D:2      | Noticed Sigmund
   922 | D:2      | Found a burning altar of Makhleb.
   923 | D:2      | Noticed an Executioner
  1006 | D:2      | Reached skill level 1 in Ice Magic
  1006 | D:2      | Reached XP level 3. HP: 13/16 MP: 0/9
  1011 | D:2      | Learned a level 3 spell: Confuse
  1232 | D:2      | Killed Jessica
  1232 | D:2      | Reached skill level 5 in Hexes
  2041 | D:3      | Noticed Grinder
  2070 | D:3      | Reached XP level 4. HP: 21/21 MP: 12/12
  2731 | D:3      | Noticed Jenx's ghost (average DrCj)
  2938 | D:4      | Reached skill level 6 in Hexes
  2938 | D:4      | Reached XP level 5. HP: 17/24 MP: 8/14
  3689 | D:4      | Noticed a giant frog
  3899 | D:4      | Got an encrusted cloak
  3900 | D:4      | Identified the cursed -3 cloak "Itzu Caa" {+Rage rC++ MR++} (You found it on level 4 of the Dungeon)
  4389 | D:4      | HP: 1/24 [giant frog (6)]
  4403 | D:4      | Killed a giant frog
  4403 | D:4      | Reached XP level 6. HP: 1/28 MP: 14/20
  4856 | D:5      | Entered Level 5 of the Dungeon
  4870 | D:5      | Got an ancient dagger
  4874 | D:5      | Identified the +5,+3 dagger of Fortitude {speed, Dex+1 Int+2} (You found it on level 5 of the Dungeon)
  5733 | D:5      | Reached skill level 7 in Hexes
  5834 | D:5      | Reached skill level 1 in Fighting
  5834 | D:5      | Reached XP level 7. HP: 29/33 MP: 13/21
  6320 | D:5      | Learned a level 6 spell: Invisibility
  6369 | D:6      | Noticed Blork the orc
  6385 | D:6      | Killed Blork the orc
  6418 | D:6      | Got an ichor-stained robe
  6419 | D:6      | Identified the cursed -3 robe of Taont {rC+} (You found it on level 6 of the Dungeon)
  6584 | D:5      | Reached skill level 8 in Hexes
  6689 | D:6      | Reached skill level 9 in Hexes
  6695 | D:6      | Reached XP level 8. HP: 25/39 MP: 4/23
  6885 | D:6      | Found a staircase to the Ecumenical Temple.
  6918 | Temple   | Entered the Ecumenical Temple
  6954 | Temple   | Became a worshipper of Dithmengos
  7463 | D:6      | Reached skill level 10 in Hexes
  7790 | D:2      | Killed Sigmund
  7898 | D:3      | Killed Grinder
  7898 | D:3      | Reached skill level 5 in Short Blades
  7898 | D:3      | Reached skill level 5 in Spellcasting
  7924 | D:3      | HP: 1/39 [Jenx's ghost/magic dart (11)]
  7925 | D:3      | Killed from afar by Jenx's ghost

Action                   |  1- 3 |  4- 6 |  7- 9 || total
-------------------------+-------+-------+-------++-------
Melee: Dagger            |   111 |   207 |   222 ||   540
 Fire: Blowgun           |       |       |    48 ||    48
Throw: Dart              |    36 |    32 |       ||    68
 Cast: Ensorcelled Hiber |    11 |    56 |    40 ||   107
       Confuse           |     1 |     4 |    18 ||    23
Evoke: Wand              |     1 |     1 |       ||     2
  Use: Potion            |       |     1 |     1 ||     2
       Scroll            |       |     6 |     3 ||     9
 Stab: Sleeping          |     9 |    49 |    24 ||    82
       Confused          |       |     1 |     3 ||     4
       Paralysed         |       |     1 |       ||     1
       Distracted        |       |       |     1 ||     1
